 Dungeon Crawl Stone Soup version 0.28.0-55-gcd9437bce4 (webtiles) character file.

Game seed: 2543990707862502419

1667 jjjjhere the Basher (level 8, -1/75 HPs)
             Began as a Minotaur Arcane Marksman on Dec 19, 2022.
             Was an Initiate of Okawaru.
             Slain by a water moccasin (3 damage)
             ... on level 7 of the Dungeon on Dec 20, 2022.
             The game lasted 00:09:24 (7856 turns).

jjjjhere the Basher (Minotaur Arcane Marksman)      Turns: 7856, Time: 00:09:24

Health: -1/75      AC: 11    Str: 17    XL:     8   Next: 69%
Magic:  8/8        EV:  5    Int: 10    God:    Okawaru [......]
Gold:   300        SH:  0    Dex: 11    Spells: 8/9 levels left

rFire   + . .      SeeInvis .   n - +0 mace
rCold   . . .      Faith    .   (no shield)
rNeg    . . .      Spirit   .   v - +0 plate armour
rPois   .          Reflect  .   (helmet restricted)
rElec   .          Harm     .   y - +0 cloak
rCorr   .          Rampage  .   (no gloves)
Will    .....                   (no boots)
Stlth   ..........              e - amulet of the acrobat
HPRegen 0.22/turn               (no ring)
MPRegen 0.11/turn               (no ring)

@: lethally poisoned (-1 -> -11), unable to read
A: horns 2, retaliatory headbutt, fire resistance 1
a: Renounce Religion


You were on level 7 of the Dungeon.
You worshipped Okawaru.
Okawaru was noncommittal.
You visited 2 branches of the dungeon, and saw 9 of its levels.

You collected 300 gold pieces.

Inventory:

Hand Weapons
 b - a +0 dagger
 h - a +3 short sword
 n - a +0 mace (weapon)
Missiles
 d - 4 javelins (quivered)
 s - 8 boomerangs
Armour
 a - a +0 robe
 v - a +0 plate armour (worn)
 w - a +0 pair of boots
 y - a +0 cloak (worn)
Jewellery
 e - an amulet of the acrobat (around neck)
 u - a ring of wizardry
Wands
 z - a wand of digging (5)
Scrolls
 i - a scroll of immolation {unknown}
 j - 2 scrolls of fog {unknown}
 l - a scroll of noise {unknown}
 m - a scroll of teleportation {unknown}
 o - 3 scrolls of enchant weapon {unknown}
 q - 2 scrolls of silence {unknown}
Potions
 c - a potion of brilliance
 f - a potion of might {unknown}
 g - a potion of attraction
 k - a potion of haste {unknown}
 p - 2 potions of lignification {unknown}
 r - 2 potions of mutation
 t - a potion of curing {unknown}
 x - a potion of ambrosia {unknown}


   Skills:
 + Level 8.5 Fighting
 * Level 10.2 Maces & Flails
 - Level 2.0 Throwing
 - Level 2.1 Dodging
 - Level 1.0 Spellcasting
 - Level 2.0 Hexes


You had 8 spell levels left.
You knew the following spells:

 Your Spells              Type           Power      Damage    Failure   Level
a - Slow                  Hex            16%        N/A       100%        1

Your spell library contained the following spells:

 Spells                   Type           Power      Damage    Failure   Level
 Beastly Appendage        Tmut           0%         N/A       100%        1
 Corpse Rot               Necr/Air       0%         N/A       100%        2
 Poisonous Vapours        Pois/Air       0%         N/A       100%        2
 Wereblood                Tmut           0%         N/A       100%        2
 Inner Flame              Hex/Fire       2%         N/A       100%        3
 Portal Projectile        Hex/Tloc       4%         N/A       100%        3
 Spider Form              Tmut/Pois      0%         N/A       100%        3
 Cause Fear               Hex            2%         N/A       100%        4


Dungeon Overview and Level Annotations

Branches:
Dungeon (8/15)             Temple (1/1) D:5
   Lair: D:8-11

Altars:
Ashenzari
Elyvilon
Fedhas
Gozag
Hepliaklqana
Kikubaaqudgha
Makhleb
Okawaru
Qazlal
Vehumet
Wu Jian
Xom
Yredelemnul

Shops:
D:2 [


Innate Abilities, Weirdness & Mutations

You have a pair of horns on your head.
You reflexively headbutt those who attack you in melee.
Your flesh is heat resistant. (rF+)


Message History

You feel very sick.
The water moccasin bites you but does no damage.
You closely miss the water moccasin.
Your headbutt misses the water moccasin.
The water moccasin is moderately wounded.
You feel sick. The water moccasin barely misses you. You furiously retaliate!
You headbutt the water moccasin, but do no damage.
You hit the water moccasin.
Your headbutt misses the water moccasin.
The water moccasin is heavily wounded.
You feel sick. The water moccasin bites you.
You are more poisoned.
The water moccasin poisons you!
The water moccasin bites you but does no damage.
You closely miss the water moccasin.
Your headbutt misses the water moccasin.
The water moccasin is heavily wounded.
You feel very sick.
The water moccasin bites you but does no damage.
You closely miss the water moccasin.
Your headbutt misses the water moccasin.
The water moccasin is heavily wounded.
You feel very sick. The water moccasin bites you.
You feel threatened and lose the ability to read scrolls!
* * * LOW HITPOINT WARNING * * *
You hit the water moccasin.
The water moccasin is heavily wounded.
* * * LOW HITPOINT WARNING * * *
You feel very sick. The water moccasin bites you!
* * * LOW HITPOINT WARNING * * *
It was a potion of mutation.
You feel extremely strange.
You feel clever.
You can once more read scrolls while threatened.
You feel clumsy.
You feel resistant to heat.
* * * LOW HITPOINT WARNING * * *
You feel very sick. The water moccasin bites you.
You die...

#
#....#....#
#.#.# #
##...####
#.#.#
########.##
#.#.#
.##......#
#...#
....<#####
#.###
.##..# #.#
.##..# #.#
.##..# #.#
.##..# #@#
.....# #S#
.##.## #.#
..#.#
........#
..
.######.#
#.# #.# #.#
#.#


You could see a water moccasin.

Vanquished Creatures
  2 black bears (D:4)
  A necrophage (D:6)
  2 ogres
  A kobold brigand (D:5)
  6 bullfrogs
  3 scorpions
  A water moccasin zombie (D:5)
  A wyvern skeleton (D:5)
  A bullfrog zombie (D:4)
  2 hounds (D:6)
  A jelly (D:5)
  A centaur skeleton (D:6)
  2 iguanas
  3 orc wizards
  A killer bee zombie (D:5)
  A mummy (D:5)
  4 gnolls
  5 adders
  An ufetubus (D:5)
  2 worms (D:2)
  2 dart slugs (D:4)
  5 orcs
  9 ball pythons
  7 endoplasms
  A giant cockroach (D:1)
  7 goblins
  5 hobgoblins
  4 jackals
  28 kobolds
  4 quokkas
  6 bats
  2 frilled lizards
  A hobgoblin zombie (D:5)
  A kobold zombie (D:5)
  2 orc zombies (D:5)
  8 rats
133 creatures vanquished.

Vanquished Creatures (others)
  11 plants (D:5)
11 creatures vanquished.

Grand Total: 144 creatures vanquished

Notes
Turn   | Place    | Note
-------+----------+-------------------------------------------
     0 | D:1      | jjjjhere the Minotaur Arcane Marksman began the quest for
                  | the Orb.
     0 | D:1      | Reached XP level 1. HP: 16/16 MP: 1/1
   175 | D:1      | HP: 4/17 [jackal (2)]
   185 | D:1      | Reached XP level 2. HP: 7/25 MP: 2/2
   983 | D:1      | Reached XP level 3. HP: 33/33 MP: 3/3
  1245 | D:2      | HP: 10/33 [poisoned by an adder]
  1523 | D:2      | Found Gughir's Armour Shop.
  1713 | D:2      | Reached skill level 1 in Maces & Flails
  1781 | D:2      | Reached XP level 4. HP: 29/41 MP: 4/4
  1931 | D:2      | HP: 8/41 [gnoll/+0 spear (6)]
  2325 | D:2      | Found a faded altar of an unknown god.
  2333 | D:2      | Prayed at the altar of an unknown god.
  2333 | D:2      | Became a worshipper of Xom of Chaos
  2408 | D:2      | XOM: divination: detect creatures
  2451 | D:2      | Reached skill level 2 in Maces & Flails
  2554 | D:3      | XOM: silly message
  2934 | D:3      | XOM: noise
  3321 | D:4      | Reached skill level 5 in Fighting
  3321 | D:4      | Reached skill level 3 in Maces & Flails
  3321 | D:4      | Reached XP level 5. HP: 37/48 MP: 5/5
  3446 | D:4      | Found a radiant altar of Vehumet.
  3448 | D:4      | Found a broken altar of Ashenzari.
  3460 | D:4      | XOM: cast spell 'Alistair's Intoxication'
  3531 | D:4      | XOM: cast spell 'Leda's Liquefaction'
  3795 | D:4      | Noticed a black bear
  3798 | D:4      | XOM: potion effect (brilliance)
  3812 | D:4      | Killed a black bear
  3813 | D:4      | Reached skill level 4 in Maces & Flails
  3813 | D:4      | Reached XP level 6. HP: 55/56 MP: 6/6
  4017 | D:4      | HP: 14/56 [ogre/+0 giant club (19)]
  4018 | D:4      | XOM: potion effect (curing)
  4034 | D:4      | XOM: silly message
  4039 | D:4      | XOM: noise
  4044 | D:4      | XOM: potion effect (might)
  4056 | D:4      | Reached skill level 5 in Maces & Flails
  4490 | D:5      | Entered Level 5 of the Dungeon
  4507 | D:5      | XOM: divination: detect items
  4570 | D:5      | XOM: 1-stop teleportation journey
  4582 | D:5      | XOM: give mutations
  4582 | D:5      | Gained mutation: You are frail. (-10% HP) [Xom's mischief]
  4582 | D:5      | Lost mutation: You are frail. (-10% HP) [Xom's mischief]
  4582 | D:5      | Gained mutation: You are dopey. (Int -2) [Xom's mischief]
  4582 | D:5      | Gained mutation: You sometimes lose the ability to read
                  | scrolls when taking damage. [Xom's mischief]
  4796 | D:5      | Reached skill level 6 in Maces & Flails
  4796 | D:5      | Reached XP level 7. HP: 52/63 MP: 7/7
  4955 | D:5      | HP: 17/63 [wyvern skeleton (5)]
  5356 | D:5      | XOM: noise
  5415 | D:5      | Reached skill level 7 in Maces & Flails
  5432 | D:5      | XOM: noise
  5472 | D:5      | You fall into a shaft and drop 3 floors!
  5496 | D:8      | XOM: god gift: falchion {god gift}
  5527 | D:8      | XOM: give mutation
  5527 | D:8      | Gained mutation: You are agile. (Dex +2) [Xom's grace]
  5616 | D:8      | XOM: scenery: summon butterflies
  5738 | D:8      | Reached skill level 8 in Maces & Flails
  5745 | D:8      | Reached XP level 8. HP: 51/73 MP: 8/8
  5803 | D:7      | Found a burning altar of Makhleb.
  5828 | D:6      | XOM: swap monsters
  5833 | D:6      | XOM: chaos cloud
  5834 | D:6      | XOM: 3-stop teleportation journey
  5979 | D:5      | Reached skill level 9 in Maces & Flails
  5998 | D:5      | Found a staircase to the Ecumenical Temple.
  6026 | D:5      | XOM: scenery: summon butterflies
  6109 | D:5      | XOM: enchant monster (good)
  6156 | D:5      | XOM: scenery: summon butterflies
  6223 | Temple   | Entered the Ecumenical Temple
  6251 | Temple   | Fell from the grace of Xom
  6251 | Temple   | Became a worshipper of Warmaster Okawaru
  6633 | D:5      | XOM: torment (36/74 hp)
  6819 | D:5      | XOM: scenery: create altars
  7189 | D:6      | Found a hazy altar of Hepliaklqana.
  7433 | D:6      | Reached skill level 10 in Maces & Flails
  7536 | D:6      | XOM: noise
  7853 | D:7      | HP: 24/75 [poisoned by a water moccasin]
  7855 | D:7      | HP: 11/75 [poisoned by a water moccasin]
  7855 | D:7      | HP: 4/75 [water moccasin (7)]
  7856 | D:7      | Lost mutation: You are dopey. (Int -2) [potion of mutation]
  7856 | D:7      | Lost mutation: You sometimes lose the ability to read
                  | scrolls when taking damage. [potion of mutation]
  7856 | D:7      | Lost mutation: You are agile. (Dex +2) [potion of mutation]
  7856 | D:7      | Gained mutation: Your flesh is heat resistant. (rF+)
                  | [potion of mutation]
  7856 | D:7      | Slain by a water moccasin

Illustrated notes

Levels and vault maps discovered:
D:1:      dpeg_arrival_connections, layout_rooms, corexii_leaking_fountain
D:2:      layout_rooms, ebering_ecumenical_altar_petrified, serial_shops, shop
D:3:      layout_basic, chequers_jeans
D:4:      layout_loops_ring, mainiacjoe_overflow_large_starburst,
          grunt_ministairs_9
D:5:      kennysheep_kobold_camp, layout_rooms, minmay_temple_entry_offerings,
          minmay_mini_ossuary
D:6:      layout_basic, kennysheep_little_box
D:7:      layout_loops_ring, mainiacjoe_overflow_paths, st_stairs_10,
          grunt_ministairs_13
D:8:      layout_basic, nemelex_spade_bored_becter,
          nicolae_overflow_crystal_walls, nicolae_shop_clearance
Temple:   eino_temple_scatter_basement

Skill      XL: |  1  2  3  4  5  6  7  8 |
---------------+-------------------------+-----
Fighting       | 2 3 4 5 6 7 8 |  8.5
Maces & Flails | 1 3 4 6 8 10 | 10.2
Throwing       | |  2.0
Dodging        | |  2.1
Spellcasting   | |  1.0
Hexes          | |  2.0

Action                   |  1- 3 |  4- 6 |  7- 9 || total
-------------------------+-------+-------+-------++-------
Melee: Dagger            |    23 |       |       ||    23
       Unarmed           |    13 |       |       ||    13
       Headbutt          |    11 |    23 |    46 ||    80
       Short sword       |    55 |   121 |       ||   176
       Punch             |     1 |       |     3 ||     4
       Mace              |       |    12 |   234 ||   246
Throw: Javelin           |     7 |     9 |     3 ||    19
       Throwing net      |     2 |     2 |       ||     4
  Use: Scroll            |       |       |     3 ||     3
       Potion            |       |       |     1 ||     1
 Stab: Held in net/web   |       |     1 |       ||     1
       Petrified         |       |       |     4 ||     4
       Petrifying        |       |       |     1 ||     1
Armor: Robe              |     9 |     3 |       ||    12
       Plate armour      |       |    39 |   119 ||   158
Dodge: Dodged            |    80 |    95 |    64 ||   239
